 Dungeon Crawl Stone Soup version 0.23-a0-139-ga22e90c (webtiles) character file.

7 Amnesiac the Gusty (level 1, -1/13 HPs)
             Began as a Mummy Air Elementalist on Aug 30, 2018.
             Slain by an orc
             ... wielding a cursed -1 falchion
              (3 damage)
             ... on level 6 of the Dungeon.
             The game lasted 00:01:54 (504 turns).

Amnesiac the Gusty (Mummy Air Elementalist)          Turns: 504, Time: 00:01:54

Health: -1/13      AC:  2    Str: 11    XL:     1   Next: 83%
Magic:  1/4        EV: 12    Int: 14    God:
Gold:   6          SH:  0    Dex: 12    Spells: 4/5 levels left

rFire    x . .     SeeInvis .   (no weapon)
rCold    + . .     Gourm    .   (no shield)
rNeg     + + +     Faith    .   a - +0 robe
rPois    ∞         Spirit   .   (no helmet)
rElec    .         Reflect  .   (no cloak)
rCorr    .         Harm     .   (no gloves)
MR       .....                  (no boots)
Stlth    ++........             (no amulet)
HPRegen  0.04/turn              (no ring)
MPRegen  0.09/turn              (no ring)

@: no status effects
A: no food or potions, fire vulnerability, cold resistance 1, negative energy
resistance 3, torment resistance, unbreathing
a: no special abilities


You were on level 6 of the Dungeon.
You were not hungry.

You visited 1 branch of the dungeon, and saw 6 of its levels.

You collected 6 gold pieces.

Inventory:

Armour
 a - a +0 robe (worn)


   Skills:
 - Level 1.5 Dodging
 - Level 1.5 Stealth
 + Level 2.8 Spellcasting
 - Level 0.7 Conjurations
 * Level 2.8 Air Magic


You had 4 spell levels left.
You knew the following spells:

 Your Spells              Type           Power        Failure   Level  Hunger
a - Shock                 Conj/Air       #...         11%         1    N/A

Your spell library contained the following spells:

 Spells                   Type           Power        Failure   Level  Hunger
 Swiftness                Chrm/Air       #.......     19%         2    N/A
 Static Discharge         Conj/Air       #.......     32%         3    N/A
 Airstrike                Air            #.........   56%         4    N/A
 Lightning Bolt           Conj/Air       #.........   96%         5    N/A

Dungeon Overview and Level Annotations

Branches:
Dungeon (6/15)
 Temple: D:4-7

Altars:

Shops:
D:6 *}

Annotations:
D:6 2 transporters, exclusion: manticore, nono's ghost, novice FoMo


Innate Abilities, Weirdness & Mutations

You do not eat or drink.
Your flesh is vulnerable to fire.
You are immune to poison.
Your flesh is cold resistant. (rC+)
You are immune to negative energy. (rN+++)
You are immune to unholy pain and torment.
You can survive without breathing.


Message History

* * * LOW HITPOINT WARNING * * *
The jackal barely misses you. The jackal barely misses you.
Casting: Shock (safe; 11% risk of failure)
Confirm with . or Enter, or press ? or * to list all spells.
Aiming: Shock (safe; 11% risk of failure)
Press: ? - help, Shift-Dir - straight line, f - jackal
Aim: a jackal The zap hits the jackal.
The jackal is lightly wounded.
The zap hits the jackal.
The jackal is moderately wounded.
The zap misses the jackal. x2; The jackal closely misses you.
The jackal bites you but does no damage.
Unknown command.
Casting: Shock (safe; 11% risk of failure)
Confirm with . or Enter, or press ? or * to list all spells.
Aiming: Shock (safe; 11% risk of failure)
Press: ? - help, Shift-Dir - straight line, f/p - jackal
Aim: a jackal (lightly wounded)
The zap hits the jackal.
The jackal is heavily wounded.
The zap hits the jackal.
The jackal is heavily wounded.
The zap hits the jackal.
The jackal appears unharmed.
The jackal is heavily wounded.
The zap hits the jackal.
You kill the jackal!
The jackal closely misses you.
Casting: Shock (safe; 11% risk of failure)
Confirm with . or Enter, or press ? or * to list all spells.
Aiming: Shock (safe; 11% risk of failure)
Press: ? - help, Shift-Dir - straight line, f - jackal
Aim: a jackal (heavily wounded)
The zap hits the jackal.
The jackal is severely wounded.
The zap hits the iguana.
The iguana is lightly wounded.
The zap misses the iguana.
The zap hits the jackal.
The jackal is almost dead.
The jackal closely misses you.
Unknown command.
Casting: Shock (safe; 11% risk of failure)
Confirm with . or Enter, or press ? or * to list all spells.
Aiming: Shock (safe; 11% risk of failure)
Press: ? - help, Shift-Dir - straight line, f/p - jackal
Aim: a jackal (almost dead)
The zap misses the jackal.
The zap misses the iguana.
The zap hits the jackal.
The jackal is moderately wounded.
The zap misses the jackal.
The zap hits the iguana.
The iguana is lightly wounded.
The zap hits the jackal.
You kill the jackal!
Unknown command.
An orc comes into view. It is wielding a falchion.
The orc shouts!
A sky beast appears from thin air!
Reactivating autopickup.
You closely miss the orc. The iguana closely misses you.
The orc hits you but does no damage.
Unknown command.
You barely miss the orc. The iguana misses you.
The orc hits you with a falchion.
You die...

#.!l......#####
.h.####........
##..# #.(.#####
©##.# #≈..#
.8#.# #.§.#
W=#.###≈..#
.!#....§..#
.o#©.....##
########.#
lo#...#.##
#.@o.....#
.Z#.....#
#l########
.8#...### #h#
.##.#h# #Y#
##..#l# #.# ..
#.# #.# . #.#
#.#
#.#########.#
#....h.l....#


You could see a sky beast, an iguana, an orc and a jackal.

Vanquished Creatures
  A goblin (D:3)
  A hobgoblin (D:2)
  2 jackals (D:6)
  A kobold (D:1)
5 creatures vanquished.

Notes
Turn   | Place    | Note
-------+----------+-------------------------------------------
     0 | D:1      | Amnesiac the Mummy Air Elementalist began the quest for the
                  | Orb.
     0 | D:1      | Reached XP level 1. HP: 13/13 MP: 4/4
   380 | D:4      | Noticed a scorpion
   391 | D:4      | Noticed an ogre
   392 | D:4      | Noticed an iguana
   396 | D:4      | You fall through a shaft for 2 floors!
   397 | D:6      | Found Gupsoepp's General Store.
   404 | D:6      | Found a transporter.
   410 | D:5      | Entered Level 5 of the Dungeon
   425 | D:6      | Noticed a crimson imp
   429 | D:6      | Noticed a manticore
   433 | D:6      | Noticed an iguana
   433 | D:6      | Noticed a sky beast
   435 | D:6      | Noticed a bullfrog
   438 | D:6      | Found Kien's Gadget Emporium.
   449 | D:6      | Noticed nono's ghost (novice FoMo)
   450 | D:6      | Noticed a howler monkey
   451 | D:6      | Found a transporter.
   453 | D:6      | Noticed a wyvern
   504 | D:6      | Slain by an orc

Vault maps used:
D:1:      minmay_arrival_jagged
D:2:      nemelex_xobeh_ov_fountains_minmay, nicolae_qazlal_general_emergency,
          minmay_lizard_king
D:3:      minmay_item_behind_shaft
D:4:      minmay_misc_feat_secret_circle, hangedman_decor_peaks_small,
          grunt_tough_drop
D:5:      grunt_temple_overflow_open, first_ration, minmay_ogre_servants,
          uniq_menkaure
D:6:      trog_ov_bears_minmay, yredelemnul_forgotten_temple_becter,
          gammafunk_ghost_arena, serial_shops, nicolae_shop_crystal,
          nicolae_shop_trees, shop_statue

Action                   || total
-------------------------++-------
Melee: Unarmed           ||     2
 Cast: Shock             ||     9
  Use: Scroll            ||     2
Armor: Robe              ||     5
Dodge: Dodged            ||    16

Table legend:
 A = Non-vault XP
 B = Vault XP
 C = Vault XP percentage of total XP
 D = Non-vault monster count
 E = Vault monster count
 F = Vault count percentage of total count
                 A         B        C        D         E       F
            +---------+---------+-------+---------+---------+-------
      Total |      10 |       0 |   0.0 |       5 |       0 |   0.0
            +---------+---------+-------+---------+---------+-------
        D:1 |       2 |       0 |   0.0 |       1 |       0 |   0.0
        D:2 |       2 |       0 |   0.0 |       1 |       0 |   0.0
        D:3 |       2 |       0 |   0.0 |       1 |       0 |   0.0
        D:6 |       4 |       0 |   0.0 |       2 |       0 |   0.0
            +---------+---------+-------+---------+---------+-------
